 Dungeon Crawl Stone Soup version 0.31-a0-826-ga5cc291a1b (webtiles) character file.

Game seed: 2760533487677884021

451 qw the Shooter (level 7, -8/43 HPs)
             Began as a Gargoyle Hunter on Sept 23, 2023.
             Blown up by Ijyb (13 damage)
             ... with a mindburst bolt
             ... on level 5 of the Dungeon.
             The game lasted 00:01:12 (3005 turns).

qw the Shooter (Gargoyle Hunter)                    Turns: 3005, Time: 00:01:12

Health: -8/43      AC: 12    Str: 14    XL:     7   Next: 4%
Magic:  7/7        EV: 16    Int: 10    God:
Gold:   211        SH:  0    Dex: 15    Spells: 6/6 levels left

rFire   + . .        l - +0 orcbow
rCold   + . .        (shield currently unavailable)
rNeg    + . .        o - +0 ring mail
rPois   inf          (no helmet)
rElec   +            e - scarf {rC+ rF+}
rCorr   .            b - +0 pair of gloves
SInv    .            f - +0 pair of boots
Will    .....        (no amulet)
Stlth   +            d - +5 ring of evasion
HPRegen 0.27/turn    (no ring)
MPRegen 0.10/turn

%: no passive effects
@: about to teleport
A: sickness immunity, AC +4, negative energy resistance 1, electricity
resistance, torment resistance 1, petrification resistance
a: no special abilities


You were on level 5 of the Dungeon.
You visited 2 branches of the dungeon, and saw 6 of its levels.

You collected 211 gold pieces.


Innate Abilities, Weirdness & Mutations

You are immune to sickness and miasma.
Your stone body is resilient. (AC +4)
You are immune to poison.
You resist negative energy. (rN+)
You are resistant to electric shocks. (rElec)
You are resistant to unholy torment.
You are immune to petrification.


   Skills:
 - Level 4.0 Fighting
 - Level 7.3 Ranged Weapons
 + Level 1.5 Armour
 - Level 1.5 Dodging
 - Level 1.1 Stealth


You had 6 spell levels left.
You didn't know any spells.
Your spell library was empty.

Inventory:

Hand Weapons
 l - a +0 orcbow (weapon)
Armour
 b - a +0 pair of gloves (worn)
 e - a scarf of resistance (worn)
 f - a +0 pair of boots (worn)
 o - a +0 ring mail (worn)
Jewellery
 d - a +5 ring of evasion (left hand)
Scrolls
 k - a scroll of identify
Potions
 c - a potion of resistance {unknown}
 g - 2 potions of curing
 h - a potion of enlightenment {unknown}
 i - a potion of invisibility {unknown}
 j - a potion of cancellation {unknown}
 m - a potion of haste {unknown}

Dungeon Overview and Level Annotations

Branches:
Dungeon (5/15)             Temple (1/1) D:4

Altars:
Ashenzari
Cheibriados
Dithmenos
Elyvilon
Fedhas
Makhleb
Ru
Sif Muna
Trog
Uskayaw
Vehumet
Wu Jian
Xom
Zin
The Shining One

Shops:
D:4 [

Annotations:
D:4 2 runed translucent doors
D:5 Ijyb


Message History

The iguana misses you.
You shoot an arrow. The arrow barely misses the iguana.
The iguana barely misses you. x2
You shoot an arrow. The arrow closely misses the iguana.
The iguana barely misses you.
You shoot an arrow.
The arrow hits the iguana but does no damage.
The iguana is moderately wounded.
The iguana barely misses you.
You shoot an arrow. The arrow hits the iguana!
The iguana is almost dead.
The iguana completely misses you.
You shoot an arrow. The arrow hits the iguana.
You kill the iguana!
You have reached level 7!
You open the door.
There is an open door here.
Ijyb the Twisted Goblin comes into view.
She is wielding a +0 dagger and carrying a wand of mindburst.
Ijyb shouts!
You hear a shout!
You shoot an arrow. The arrow hits Ijyb.
Ijyb is lightly wounded.
Ijyb zaps a wand.
Your mind is blasted!
Ijyb zaps a wand.
Your mind is blasted!
2993 ||| FLEEEEING.
2994 ||| STILL FLEEEEING.
2995 ||| STILL FLEEEEING.
2996 ||| STILL FLEEEEING.
2997 ||| STILL FLEEEEING.
2998 ||| STILL FLEEEEING.
2999 ||| STILL FLEEEEING.
3000 ||| FLEEEEING.
3001 ||| FLEEEEING.
3002 ||| FLEEEEING.
3003 ||| FLEEEEING.
3004 ||| FLEEEEING.
Ijyb zaps a wand.
Your mind is blasted!
3005 ||| READING scroll of teleportation.
As you read the scroll of teleportation, it crumbles to dust.
You feel strangely unstable.
Ijyb zaps a wand.
Your mind is blasted!
You die...

.g #.........# ..
+...g.##..# .
#.....##'####### #.
####..##........
##.)####..##........
#...................
+...................
####+###..###.##.###
##@.###.##.#
#..........#
#..........#
#..........#
#....##...##
#.?..##...###+#
#..............
#.............. .
#....##)..##...


You could see Ijyb.

Vanquished Creatures
  A centaur (D:5)
  A scorpion (D:4)
  2 jellies
  A hound (D:4)
  An orc priest (D:4)
  Terence (D:3)
  An orc wizard (D:4)
  An iguana (D:5)
  An adder (D:2)
  3 worms
  9 orcs
  5 endoplasms
  2 giant cockroaches
  8 goblins
  7 hobgoblins
  12 jackals
  2 quokkas (D:3)
  3 ball pythons
  9 bats
  A frilled lizard (D:3)
  7 kobolds
  8 rats
86 creatures vanquished.

Vanquished Creatures (others)
  A wizard (D:3)
1 creature vanquished.

Grand Total: 87 creatures vanquished

Notes
Turn   | Place    | Note
-------+----------+-------------------------------------------
     0 | D:1      | qw the Gargoyle Hunter began the quest for the Orb.
     0 | D:1      | Reached XP level 1. HP: 12/12 MP: 1/1
     0 | D:1      | 0 ||| qw: Version: 0.3-a-83-gcd0e7d8
     0 | D:1      | 0 ||| qw: Game counter: 1885
     0 | D:1      | 0 ||| qw: Melee chars always use a shield: true
     0 | D:1      | 0 ||| qw: God list: Okawaru
     0 | D:1      | 0 ||| qw: Allow faded altars: false
     0 | D:1      | 0 ||| qw: Do Orc after clearing Dungeon:15 true
     0 | D:1      | 0 ||| qw: Do second Lair branch before Depths: true
     0 | D:1      | 0 ||| qw: Lair rune preference: random
     0 | D:1      | 0 ||| qw: Goals: Normal
     0 | D:1      | 0 ||| PLANNING D:1-11
    76 | D:1      | Reached XP level 2. HP: 17/17 MP: 2/2
   438 | D:1      | Reached XP level 3. HP: 13/21 MP: 3/3
   698 | D:1      | 698 ||| UPGRADING to scarf of resistance.
   703 | D:1      | 703 ||| UPGRADING to +0 pair of boots.
   708 | D:1      | 708 ||| READING scroll labelled RETOJI VUMAIN.
   709 | D:1      | 709 ||| READING scroll labelled MINTUG AWKIFO.
   713 | D:1      | 713 ||| READING 3 scrolls labelled ZURGHON XULOIR.
   714 | D:1      | 714 ||| READING 2 scrolls of enchant weapon.
   714 | D:1      | 714 ||| ENCHANTING +1 shortbow.
   715 | D:1      | 715 ||| READING scroll of enchant weapon.
   715 | D:1      | 715 ||| ENCHANTING +2 shortbow.
   716 | D:1      | 716 ||| DROPPING scroll of butterflies.
   742 | D:2      | Reached skill level 5 in Ranged Weapons
   912 | D:2      | Reached skill level 3 in Fighting
  1155 | D:2      | 1155 ||| UPGRADING to +0 pair of gloves.
  1160 | D:2      | 1160 ||| READING scroll labelled BEEL KUILL.
  1224 | D:3      | Reached XP level 4. HP: 28/28 MP: 4/4
  1460 | D:3      | Reached skill level 1 in Armour
  1531 | D:3      | Noticed Terence
  1544 | D:3      | Killed Terence
  1672 | D:3      | Found a white marble altar of Elyvilon.
  1783 | D:3      | Found a bloodstained altar of Trog.
  1785 | D:3      | Noticed a wizard
  1790 | D:3      | Killed a wizard
  1896 | D:3      | 1896 ||| DROPPING ring of wizardry.
  1897 | D:3      | 1897 ||| READING scroll labelled OSHYTEPNUSH.
  1898 | D:3      | 1898 ||| READING 2 scrolls labelled ZIHIFE TIZERIPT.
  1899 | D:3      | 1899 ||| DRINKING 2 yellow potions.
  1900 | D:3      | 1900 ||| DROPPING scroll of noise.
  2040 | D:4      | Found an ornate altar of the Wu Jian Council.
  2043 | D:4      | Noticed a scorpion
  2054 | D:4      | Killed a scorpion
  2055 | D:4      | Reached skill level 6 in Ranged Weapons
  2055 | D:4      | Reached XP level 5. HP: 31/32 MP: 5/5
  2152 | D:4      | Found Ruleodon's Antique Armour Shop.
  2158 | D:4      | 2158 ||| SHOPLISTING runed acid dragon scales (1032 gold,
                  | have 166).
  2161 | D:4      | Found a large runed translucent door.
  2161 | D:4      | Found a large runed translucent door.
  2163 | D:4      | Found a shimmering altar of Xom.
  2233 | D:4      | Reached XP level 6. HP: 38/38 MP: 6/6
  2393 | D:4      | Found a staircase to the Ecumenical Temple.
  2394 | D:4      | 2394 ||| PLANNING TEMPLE
  2394 | D:4      | 2394 ||| UPGRADING to +0 ring mail.
  2404 | D:4      | 2404 ||| DROPPING +0 leather armour.
  2405 | D:4      | 2405 ||| READING scroll labelled YDOPU UPOWN.
  2406 | D:4      | 2406 ||| READING scroll labelled EJIBBO CALA.
  2407 | D:4      | 2407 ||| READING scroll labelled FATWEUPT YLUHEBRY.
  2408 | D:4      | 2408 ||| READING 2 scrolls of identify.
  2408 | D:4      | 2408 ||| IDENTIFYING murky dark potion
  2409 | D:4      | 2409 ||| DROPPING potion of degeneration.
  2419 | Temple   | Entered the Ecumenical Temple
  2420 | Temple   | 2420 ||| PLANNING D:1-11
  2831 | D:4      | 2831 ||| UPGRADING to +5 ring of evasion.
  2862 | D:5      | Entered Level 5 of the Dungeon
  2863 | D:5      | 2863 ||| PLANNING SEWER
  2867 | D:5      | Found a blossoming altar of Fedhas.
  2877 | D:5      | Reached skill level 7 in Ranged Weapons
  2950 | D:5      | 2950 ||| SWAPPING to +0 orcbow.
  2951 | D:5      | 2951 ||| DROPPING +3 shortbow.
  2977 | D:5      | Reached XP level 7. HP: 43/43 MP: 7/7
  2991 | D:5      | Noticed Ijyb
  2993 | D:5      | 2993 ||| FLEEEEING.
  3000 | D:5      | 3000 ||| FLEEEEING.
  3001 | D:5      | 3001 ||| FLEEEEING.
  3002 | D:5      | 3002 ||| FLEEEEING.
  3003 | D:5      | 3003 ||| FLEEEEING.
  3004 | D:5      | 3004 ||| FLEEEEING.
  3004 | D:5      | HP: 4/43 [disintegration (19)]
  3005 | D:5      | 3005 ||| READING scroll of teleportation.
  3005 | D:5      | Blown up by Ijyb

Levels and vault maps discovered:
D:1:      nzn_arrival_settlement, layout_loops_cross, dreamdust_princess_bridge
D:2:      layout_rooms, grunt_decor_resistance
D:3:      layout_loops_cross, trog_wizard, mainiacjoe_overflow_six_doors_small,
          minivault_27, uniq_terence
D:4:      due_chaos_kobolds, layout_basic, mainiacjoe_overflow_24_doors,
          minmay_temple_entry_stoned_glass, serial_shops, shop, sigmund_army
D:5:      layout_gridville, fedhas_bush_and_centaur_altar,
          nicolae_qazlal_scattered_showers, gup_sewer_entry_bowl,
          minmay_misc_feat_chi, minmay_manual_mail, uniq_ijyb
Temple:   jpeg_temple_clearing

Skill      XL: |  1  2  3  4  5  6 |
---------------+-------------------+-----
Ranged Weapons | 5 6 7 |  7.3
Fighting       | 3 4 |  4.0
Armour         | 1 |  1.5
Dodging        | |  1.5
Stealth        | |  1.1

Action                     |  1- 3 |  4- 6 |  7- 9 || total
---------------------------+-------+-------+-------++-------
   Fire: Shortbow          |    99 |   139 |       ||   238
         Orcbow            |       |    12 |     1 ||    13
    Use: Scroll            |     6 |     6 |     1 ||    13
         Potion            |       |     1 |       ||     1
 Armour: Leather armour    |    28 |    35 |       ||    63
         Ring mail         |       |     4 |       ||     4
  Dodge: Dodged            |    27 |    42 |       ||    69

Table legend:
 A = Non-vault XP
 B = Vault XP
 C = Vault XP percentage of total XP
 D = Non-vault monster count
 E = Vault monster count
 F = Vault count percentage of total count
                 A         B        C        D         E       F
            +---------+---------+-------+---------+---------+-------
      Total |     492 |     153 |  23.7 |      83 |       3 |   3.5
            +---------+---------+-------+---------+---------+-------
        D:1 |      36 |       0 |   0.0 |      24 |       0 |   0.0
        D:2 |      42 |       0 |   0.0 |      18 |       0 |   0.0
        D:3 |      35 |      36 |  50.7 |      17 |       1 |   5.6
        D:4 |     304 |       2 |   0.7 |      22 |       1 |   4.3
        D:5 |      75 |     115 |  60.5 |       2 |       1 |  33.3
            +---------+---------+-------+---------+---------+-------
